 Dungeon Crawl Stone Soup version 0.28.0-47-ge53b351184 (webtiles) character file.

Game seed: 13486484120164043631

32 Exodus22XD the Shield-Bearer (level 3, 33/33 HPs)
             Began as a Minotaur Fighter on May 7, 2022.
             Quit the game on level 2 of the Dungeon.
             The game lasted 00:01:17 (865 turns).

Exodus22XD the Shield-Bearer (Minotaur Fighter)      Turns: 865, Time: 00:01:17

Health: 33/33      AC: 10    Str: 22    XL:     3   Next: 10%
Magic:  2/2        EV:  9    Int:  5    God:
Gold:   38         SH:  4    Dex:  9    Spells: 2/2 levels left

rFire   . . .      SeeInvis .   a - +0 war axe
rCold   . . .      Faith    .   c - +0 buckler
rNeg    . . .      Spirit   .   b - +0 scale mail
rPois   .          Reflect  .   (helmet restricted)
rElec   .          Harm     .   i - +1 cloak
rCorr   .          Rampage  .   (no gloves)
Will    .....                   j - +0 pair of boots
Stlth   ..........              (no amulet)
HPRegen 0.11/turn               (no ring)
MPRegen 0.08/turn               (no ring)

@: no status effects
A: horns 2, retaliatory headbutt
a: no special abilities


You were on level 2 of the Dungeon.
You visited 1 branch of the dungeon, and saw 2 of its levels.

You collected 38 gold pieces.

Inventory:

Hand Weapons
 a - a +0 war axe (weapon)
Missiles
 h - a throwing net (quivered)
Armour
 b - a +0 scale mail (worn)
 c - a +0 buckler (worn)
 i - a +1 cloak (worn)
 j - a +0 pair of boots (worn)
 l - a +0 helmet
Scrolls
 e - a scroll of silence {unknown}
 f - a scroll of amnesia {unknown}
 g - a scroll of teleportation {unknown}
 k - a scroll of identify {unknown}
Potions
 d - a potion of might


   Skills:
 + Level 4.0 Fighting
 + Level 3.0 Axes
 + Level 4.0 Armour
 + Level 0.1 Dodging
 + Level 4.1 Shields


You had 2 spell levels left.
You didn't know any spells.
Your spell library was empty.

Dungeon Overview and Level Annotations

Branches:
Dungeon (2/15)

Altars:


Innate Abilities, Weirdness & Mutations

You have a pair of horns on your head.
You reflexively headbutt those who attack you in melee.


Message History

You see here a +0 pair of boots.
j - a +0 pair of boots You start putting on your armour.
You continue putting on your +0 pair of boots. x4
You finish putting on your +0 pair of boots.
Okay, then.
There is a stone staircase leading down here.
You climb downwards.
There is a stone staircase leading up here.
No target in view!
No target in view!
You open the door.
There is an open door here.
Found a ring mail.
No target in view!
Found a stone staircase leading down.
No target in view!
Found a helmet.
k - a scroll labelled LOFFIU QANUROTT No target in view!
A giant cockroach comes into view.
A giant cockroach is nearby!
The giant cockroach misses you. You block the giant cockroach's attack.
A giant cockroach is nearby!
You slash the giant cockroach!
You kill the giant cockroach!
No target in view!
You see here a +0 helmet.
l - a +0 helmet
Okay, then.
There are no items here.
Okay, then.
There are no items here.
There are no items here.
There are no items here.
There are no items here.
Okay, then.
Okay, then.
Unknown command.
Are you sure you want to abandon this character and quit the game? (Confirm with "yes".)

#### #.. #.# #### #@#
#....####.#
#....†....#
#....##...#
##+#....#..#.#####
..........#.....#.#
.............#.#.#
...##.####...#.#.#
#####.##..........#.#


There were no monsters in sight!

Vanquished Creatures
  A dart slug (D:1)
  4 ball pythons (D:1)
  A bat (D:1)
  6 endoplasms (D:1)
  2 giant cockroaches
  A goblin (D:1)
  3 hobgoblins (D:1)
  2 frilled lizards (D:1)
  4 kobolds (D:1)
  2 rats (D:1)
26 creatures vanquished.

Vanquished Creatures (others)
  3 plants (D:1)
3 creatures vanquished.

Grand Total: 29 creatures vanquished

Notes
Turn   | Place    | Note
-------+----------+-------------------------------------------
     0 | D:1      | Exodus22XD the Minotaur Fighter began the quest for the
                  | Orb.
     0 | D:1      | Reached XP level 1. HP: 19/19 MP: 0/0
   110 | D:1      | Reached XP level 2. HP: 27/27 MP: 1/1
   163 | D:1      | Found a faded altar of an unknown god.
   594 | D:1      | Reached XP level 3. HP: 31/33 MP: 2/2
   865 | D:2      | Quit the game

Illustrated notes

Levels and vault maps discovered:
D:1:      psy_arrival_spokes, layout_basic,
          shapermc_ecumenical_altar_mp_ritualfount
D:2:      layout_basic, basic_altar, uniq_terence

Skill      XL: |  1  2  3 |
---------------+----------+-----
Armour         | 4 |  4.0
Shields        | 4 |  4.1
Axes           | 3 |  3.0
Fighting       | 4 |  4.0
Dodging        | |  0.1

Action                   || total
-------------------------++-------
Melee: War axe           ||    45
       Headbutt          ||     3
Armor: Scale mail        ||    16
Dodge: Dodged            ||    25
Block: Buckler           ||    10
